 Dungeon Crawl Stone Soup version 0.30-a0-702-gdf48620a09 (webtiles) character file.

Game seed: 8897742077472703715

44 bjtr the Ogre Mage (level 3, -3/31 HPs)
             Began as an Ogre Hedge Wizard on Jan 21, 2023.
             Shot with a sling bullet by a goblin (5 damage)
             ... on level 2 of the Dungeon.
             The game lasted 00:09:41 (1525 turns).

bjtr the Ogre Mage (Ogre Hedge Wizard)              Turns: 1525, Time: 00:09:42

Health: -3/31      AC:  4    Str: 14    XL:     3   Next: 60%
Magic:  2/9        EV: 15    Int: 17    God:
Gold:   85         SH:  0    Dex: 14    Spells: 5/11 levels left

rFire   . . .      SeeInvis .    f - +0 whip
rCold   . . .      Faith    .    (no shield)
rNeg    . . .      Spirit   .    b - +0 robe
rPois   .          Reflect  .    c - +0 hat
rElec   .          Harm     .    l - +0 cloak
rCorr   .          Rampage  .    (gloves unavailable)
Will    .....                    (boots unavailable)
Stlth   ++                       (no amulet)
HPRegen 0.25/turn                i - +5 ring of evasion
MPRegen 0.11/turn                n - +6 ring of dexterity

@: attractive, invisible
A: large, unfitting armour, tough skin 1
a: no special abilities


You were on level 2 of the Dungeon.
You visited 1 branch of the dungeon, and saw 2 of its levels.

You collected 85 gold pieces.

Inventory:

Hand Weapons
 a - a +0 dagger
 e - a +0 club
 f - a +0 whip (weapon)
 j - a +0 war axe
 q - a +0 sling
Missiles
 p - 4 stones
Armour
 b - a +0 robe (worn)
 c - a +0 hat (worn)
 l - a +0 cloak (worn)
Jewellery
 i - a +5 ring of evasion (left hand)
 n - a +6 ring of dexterity (right hand)
Scrolls
 g - a scroll of fear {unknown}
 h - a scroll of identify {unknown}
 k - a scroll of noise {unknown}
Potions
 d - a potion of magic
 o - a potion of attraction
 r - a potion of mutation {unknown}
 s - a potion of flight {unknown}
 t - a potion of haste {unknown}


   Skills:
 + Level 0.1 Fighting
 + Level 2.2 Dodging
 - Level 1.4 Stealth
 + Level 4.5 Spellcasting
 + Level 1.5 Conjurations
 - Level 0.8 Summonings
 - Level 0.8 Translocations


You had 5 spell levels left.
You knew the following spells:

 Your Spells              Type           Power      Damage    Failure   Level
a - Magic Dart            Conj           36%        1d4       8%          1
b - Slow                  Hex            12%        N/A       16%         1
c - Blink                 Tloc           12%        N/A       16%         2
d - Call Imp              Summ           6%         N/A       16%         2

Your spell library contained the following spells:

 Spells                   Type           Power      Damage    Failure   Level
 Cigotuvi's Dreadful Rot  Necr/Pois/Air  6%         N/A       22%         2
 Mephitic Cloud           Conj/Pois/Air  5%         N/A       36%         3


Dungeon Overview and Level Annotations

Branches:
Dungeon (2/15)

Altars:


Innate Abilities, Weirdness & Mutations

You are too large for most types of armour.
You have tough skin. (AC +1)


Message History

The rat moves out of view.
The goblin shoots a sling bullet.
The sling bullet hits you!
The goblin shoots a sling bullet.
The sling bullet completely misses you.
The goblin unwields a +0 sling.
The goblin wields a +0 dagger.
The goblin hits you with a +0 dagger.
You closely miss the goblin.
The goblin is heavily wounded.
The goblin misses you.
You completely miss the goblin.
The goblin is heavily wounded.
The goblin barely misses you.
You hit the goblin but do no damage.
The goblin is heavily wounded.
The goblin hits you with a +0 dagger!
* * * LOW HITPOINT WARNING * * *
You closely miss the goblin.
The goblin is heavily wounded.
The goblin hits you with a +0 dagger.
* * * LOW HITPOINT WARNING * * *
It was a potion of attraction.
You feel attractive to monsters. The goblin misses you. The goblin misses you.
The adder is attracted toward you. The rat is attracted toward you.
There is an open door here.
The goblin attacks as you move away! The goblin hits you with a +0 dagger.
* * * LOW HITPOINT WARNING * * *
Your magical contamination has completely faded away.
The rat is attracted toward you.
You aren't carrying any items that you can evoke.
Casting: Magic Dart (safe; 8% risk of failure)
Confirm with . or Enter, or press ? or * to list all spells.
Okay, then.
It was a potion of invisibility.
You fade into invisibility!
The adder barely misses you.
The goblin unwields a +0 dagger.
The goblin wields a +0 sling.
The goblin shoots a sling bullet.
The sling bullet barely misses the adder.
The sling bullet hits you.
You die...

##......>.######
#....#.#... #........#
#....#.#.## #........#
#...÷#.#.#.
#........######
#.w###.#.#.
#.............#
#.†#...#.#.
########......#
#..#.#####. #.....(#
#..#.......
#......########..######..
#.....gS@.......)# #..
#....§r#########.# #..
#####'## ###...# #.. #§#
#....#######.. ...
#....'........ #....
#....#######.# #....
#....# #+# #.... ######
#.....


You could see an adder (unable to see you), a goblin (unable to see you) and a
rat (unable to see you).

Vanquished Creatures
  An adder (D:2)
  2 worms (D:2)
  2 endoplasms
  2 giant cockroaches (D:1)
  2 hobgoblins (D:2)
  A quokka (D:1)
  A ball python (D:2)
  3 bats (D:1)
  5 frilled lizards
  5 goblins
  5 kobolds (D:1)
  2 rats (D:1)
31 creatures vanquished.

Notes
Turn   | Place    | Note
-------+----------+-------------------------------------------
     0 | D:1      | bjtr the Ogre Hedge Wizard began the quest for the Orb.
     0 | D:1      | Reached XP level 1. HP: 16/16 MP: 5/5
    33 | D:1      | Reached skill level 1 in Conjurations
   194 | D:1      | Reached XP level 2. HP: 24/24 MP: 3/6
   254 | D:1      | Learned a level 1 spell: Slow
   257 | D:1      | Learned a level 2 spell: Blink
   260 | D:1      | Learned a level 2 spell: Call Imp
   263 | D:1      | Reached skill level 4 in Spellcasting
   993 | D:2      | Reached XP level 3. HP: 29/31 MP: 4/8
  1503 | D:2      | Identified the +0 ring mail of Zoxexicini {Drain rN+ Int-4
                  | Slay+6}
  1525 | D:2      | Shot with a sling bullet by a goblin

Illustrated notes

Levels and vault maps discovered:
D:1:      roderic_octagonal_star, layout_rooms
D:2:      layout_basic, dreamdust_ecumenical_altar_angels_and_demons

Skill      XL: |  1  2 |
---------------+-------+-----
Conjurations   | 1 |  1.5
Dodging        | 2 |  2.2
Spellcasting   | 4 |  4.5
Fighting       | |  0.1
Stealth        | |  1.4
Summonings     | |  0.8
Translocations | |  0.8

Action                   || total
-------------------------++-------
Melee: Dagger            ||    12
       Whip              ||    22
       Club              ||     2
 Cast: Magic Dart        ||    87
       Call Imp          ||     5
       Slow              ||     1
  Use: Potion            ||     2
Armor: Robe              ||    17
Dodge: Dodged            ||    41

Table legend: (Time is in decaauts)
 A = Elapsed time spent in this place.
 B = Non-inter-level travel time spent in this place.
 C = Inter-level travel time spent in this place.
 D = Time resting spent in this place.
 E = Time spent auto-exploring this place.
 F = Levels seen in this place.
 G = Mean time per level.
                   A        B        C        D        E       F      G
               +--------+--------+--------+--------+--------+-----+--------+
         Total |   1525 |   1509 |     16 |    220 |    853 |   2 |  762.5 |
       Dungeon |   1525 |   1509 |     16 |    220 |    853 |   2 |  762.5 |
               +--------+--------+--------+--------+--------+-----+--------+

Top non-repeatable levels by time:
     D:1: 914 daAuts
     D:2: 611 daAuts
